 Dungeon Crawl Stone Soup version 0.28.0 (webtiles) character file.

Game seed: 14154867538652586339

103237 AmazingTV the Tortoise (level 15, -3/119 (134) HPs)
             Began as a Minotaur Fighter on July 12, 2022.
             Was a High Priest of Okawaru.
             Killed by an exploding bloated husk (35 damage)
             ... on level 1 of the Swamp on July 13, 2022.
             The game lasted 03:02:06 (25104 turns).

AmazingTV the Tortoise (Minotaur Fighter)          Turns: 25104, Time: 03:02:06

HP:   -3/119 (134)  AC: 29    Str: 24    XL:     15   Next: 88%
MP:   18/20         EV: 19    Int:  5    God:    Okawaru [*****.]
Gold: 1556          SH: 14    Dex: 20    Spells: 14/14 levels left

rFire   + + .      SeeInvis .   T - +2 war axe (flame) {axe}
rCold   + + .      Faith    .   A - +0 kite shield of Responsibility {rPois rC+++ Will+ Stlth+}
rNeg    . . .      Spirit   .   p - +7 fire dragon scales of the Valley {rElec rF++ rC-}
rPois   +          Reflect  .   (helmet restricted)
rElec   +          Harm     .   n - +1 cloak
rCorr   +          Rampage  .   f - +0 pair of gloves
Will    ++...                   c - +0 pair of boots
Stlth   +++.......              k - amulet of regeneration
HPRegen 1.09/turn               C - +6 ring of dexterity
MPRegen 0.17/turn               t - ring of resist corrosion

@: heroic, on berserk cooldown, slowed, heavily drained, very slow
A: horns 2, retaliatory headbutt
a: Renounce Religion, Heroism, Finesse, Duel


You were on level 1 of the Swamp.
You worshipped Okawaru.
Okawaru was extremely pleased with you.
You visited 4 branches of the dungeon, and saw 22 of its levels.
You also visited: Bailey and Gauntlet.

You collected 1934 gold pieces.
You spent 378 gold pieces at shops.


Innate Abilities, Weirdness & Mutations

You have a pair of horns on your head.
You reflexively headbutt those who attack you in melee.


   Skills:
 + Level 12.9(17.9) Fighting
 * Level 12.6(19.9) Axes
 + Level 12.7(20.0) Maces & Flails
 - Level 3.6(14.3) Polearms
 - Level 3.8(14.4) Staves
 + Level 9.5(15.1) Slings
 - Level 5.0(12.5) Throwing
 + Level 15.6(20.6) Armour
 + Level 9.6(14.6) Dodging
 * Level 9.4(14.4) Shields
 + Level 8.8 Invocations
 - Level 6.1 Evocations


You had 14 spell levels left.
You didn't know any spells.
Your spell library contained the following spells:

 Spells                   Type           Power      Damage    Failure   Level
 Magic Dart               Conj           0%         1d3       88%         1
 Slow                     Hex            0%         N/A       88%         1
 Corpse Rot               Necr/Air       0%         N/A       95%         2
 Poisonous Vapours        Pois/Air       0%         N/A       95%         2
 Scorch                   Fire           0%         2d5       95%         2
 Searing Ray              Conj           0%         2d4       95%         2
 Static Discharge         Conj/Air       0%         N/A       95%         2
 Sublimation of Blood     Necr           0%         N/A       95%         2
 Wereblood                Tmut           0%         N/A       95%         2
 Confusing Touch          Hex            0%         N/A       99%         3
 Dazzling Flash           Conj/Hex       0%         N/A       99%         3
 Ignite Poison            Fire/Tmut/Pois 0%         N/A       99%         3
 Mephitic Cloud           Conj/Pois/Air  0%         N/A       99%         3
 Vampiric Draining        Necr           0%         2d6       99%         3
 Airstrike                Air            0%         N/A       100%        4
 Dispel Undead            Necr           0%         3d6       100%        4
 Flame Wave               Conj/Fire      0%         2d4       100%        4
 Fulminant Prism          Conj/Hex       0%         3d6       100%        4
 Iskenderun's Mystic Bla  Conj/Tloc      0%         2d3       100%        4
 Olgreb's Toxic Radiance  Pois           0%         N/A       100%        4
 Sticky Flame             Conj/Fire      0%         2d3       100%        4
 Blade Hands              Tmut           0%         N/A       100%        5
 Freezing Cloud           Conj/Ice/Air   0%         6-21      100%        5
 Irradiate                Conj/Tmut      0%         3d13      100%        5
 Iskenderun's Battlesphe  Conj           0%         2d6       100%        5
 Lightning Bolt           Conj/Air       0%         1d11      100%        5
 Yara's Violent Unravell  Hex/Tmut       0%         3d3       100%        5
 Eringya's Noxious Bog    Tmut/Pois      0%         N/A       100%        6
 Iron Shot                Conj/Erth      0%         9d1       100%        6
 Starburst                Conj/Fire      0%         6d3       100%        6
 Dragon Form              Tmut           0%         N/A       100%        7
 Necromutation            Tmut/Necr      0%         N/A       100%        8
 Summon Small Mammal      Summ           Unusable   N/A       N/A         1
 Call Canine Familiar     Summ           Unusable   N/A       N/A         3
 Summon Guardian Golem    Hex/Summ       Unusable   N/A       N/A         3
 Summon Lightning Spire   Summ/Air       Unusable   N/A       N/A         4
 Summon Cactus Giant      Summ           Unusable   N/A       N/A         6
 Malign Gateway           Summ/Tloc      Unusable   N/A       N/A         7
 Spellforged Servitor     Conj/Summ      Unusable   N/A       N/A         7
 Summon Hydra             Summ           Unusable   N/A       N/A         7
 Summon Horrible Things   Summ           Unusable   N/A       N/A         8

Inventory:

Hand Weapons
 a - the +10 whip "Zuwifer" {vorpal, rElec Dex+2, mace}
   (You found it on level 4 of the Lair of Beasts)

   It inflicts extra damage upon your enemies.
   Dex:       It affects your dexterity (+2).
   rElec:     It insulates you from electricity.
 b - the +7 hunting sling of Unreason {vorpal, rN+ Int+4, sling}
   (Okawaru gifted it to you on level 2 of the Lair of Beasts)

   Any ammunition fired from it inflicts extra damage upon your enemies.
   Int:       It affects your intelligence (+4).
   rN:        It protects you from negative energy.
 e - a +2 trident of venom {polearm}
   (Okawaru gifted it to you on level 6 of the Lair of Beasts)
 O - a +4 great mace of protection {mace}
   (Okawaru gifted it to you on level 4 of the Lair of Beasts)
 Q - a +6 spectral battleaxe {axe}
   (You took it off a wight on level 7 of the Dungeon)
 T - a +2 war axe of flaming (weapon) {axe}
   (Okawaru gifted it to you on level 6 of the Lair of Beasts)
 W - a +3 hunting sling of flaming {sling}
   (You found it on level 13 of the Dungeon)
Missiles
 g - 2 curare-tipped darts {=f}
 i - 6 throwing nets {=f!f}
 s - 17 silver javelins
 w - 11 atropa-tipped darts
 B - 326 sling bullets
 E - 37 poisoned darts (quivered)
 J - 3 boomerangs of dispersal {=f!f}
 M - 9 javelins
Armour
 c - a +0 pair of boots (worn)
   (You found it on level 6 of the Lair of Beasts)
 f - a +0 pair of gloves (worn)
   (You found it on level 1 of the Dungeon)
 n - a +1 cloak (worn)
   (You found it on level 2 of the Lair of Beasts)
 p - the +7 fire dragon scales of the Valley (worn) {rElec rF++ rC-}
   (Okawaru gifted it to you on level 5 of the Lair of Beasts)

   rF:        It greatly protects you from fire.
   rC:        It makes you vulnerable to cold.
   rElec:     It insulates you from electricity.
 A - the +0 kite shield of Responsibility (worn) {rPois rC+++ Will+ Stlth+}
   (You took it off a minotaur in a Gauntlet)

   rC:        It renders you almost immune to cold.
   rPois:     It protects you from poison.
   Will:      It increases your willpower.
   Stlth:     It makes you more stealthy.
 R - +0 pearl dragon scales {rare=g}
   (You found it in a Gauntlet)
 X - +0 ice dragon scales
   (You found it on level 10 of the Dungeon)
Jewellery
 h - the dreamshard necklace {*Dream Drain}
   (You found it in a Gauntlet)

   [amulet of nothing]

   It shatters if its wearer takes lethal or near-lethal damage, preventing the
   blow and releasing protective dreams that heal and fight for the wearer.
   Drain:     It drains your maximum health when unequipped.
 k - an amulet of regeneration (around neck)
   (You found it on level 1 of the Dungeon)
 l - a ring of positive energy
   (You found it on level 3 of the Lair of Beasts)
 t - a ring of resist corrosion (right hand)
   (You found it on level 2 of the Dungeon)
 C - a +6 ring of dexterity (left hand)
   (You found it in a Gauntlet)
 H - a ring of flight
   (You took it off a centaur warrior on level 10 of the Dungeon)
 I - a +4 ring of slaying
   (You found it on level 6 of the Dungeon)
 K - a ring of protection from fire
   (You took it off a centaur on level 11 of the Dungeon)
 V - a ring of poison resistance
   (You found it on level 8 of the Dungeon)
Wands
 L - a wand of iceblast (8)
   (You found it in a Gauntlet)
 P - a wand of acid (15)
   (You found it on level 10 of the Dungeon)
Scrolls
 o - 5 scrolls of fear
 q - 3 scrolls of magic mapping {!r}
 u - 3 scrolls of enchant armour
 x - a scroll of identify {@r1}
 y - 3 scrolls of fog
 N - 10 scrolls of teleportation {@r4}
 U - a scroll of blinking {!r}
Potions
 d - 4 potions of might
 j - a potion of berserk rage {!q}
 r - a potion of ambrosia
 v - 2 potions of curing {@q1}
 z - 5 potions of resistance
 D - a potion of invisibility
 F - 3 potions of haste {@q3}
 G - 3 potions of cancellation
 Z - 3 potions of mutation {!q}

Dungeon Overview and Level Annotations

Branches:
Dungeon (14/15)            Temple (1/1) D:7            Lair (6/6) D:11
  Swamp (1/4) Lair:2       Spider (0/4) Lair:3        Slime (0/5) Lair:6
 Vaults (0/5) D:14         Bailey (visited)         Gauntlet (visited)
    Orc: D:9-12

Altars:
Ashenzari
Cheibriados
Dithmenos
Elyvilon
Fedhas
Gozag
Hepliaklqana
Kikubaaqudgha
Makhleb
Nemelex Xobeh
Okawaru
Qazlal
Ru
Sif Muna
Trog
Uskayaw
Vehumet
Wu Jian
Xom
Yredelemnul
Zin
The Shining One

Shops:
D:5 [   D:6 *   D:7 !   D:9 !   D:10 !

Annotations:
D:7 exclusion: oklob plant
D:12 exclusion: obsidian statue

♣♣.≈..§..♣♣≈♣♣♣
♣♣♣≈.≈.≈♣≈.≈♣
♣≈.≈.♣♣♣≈♣♣
♣♣..≈.♣♣♣≈♣♣
♣≈≈..≈....≈♣
♣♣.♣.......♣♣
♣♣♣♣..≈†...♣
♣♣....≈.♣♣
*♣♣♣.≈≈@.♣
**,♣....≈♣♣
*≈.....≈≈≈♣
*♣≈♣.≈♣♣.♣♣
♣♣♣♣♣♣♣♣♣


There were no monsters in sight!


Message History

You feel sick.
The fenstrider witch gestures at you while chanting.
Your body is wracked with pain!
* * * LOW HITPOINT WARNING * * *
😱 HP[-3]
You take 3 damage, and now have 12/119 hp.
You feel better.
You fester in the toxic bog!
You partially resist.
You are poisoned.
You feel sick.
The fenstrider witch casts a spell at you.
You block the toxic sludge. 😱 HP[-5]
You take 5 damage, and now have 7/119 hp.
Your unstable footing causes you to fumble your attack.
You fester in the toxic bog.
You partially resist.
You are more poisoned.
You feel sick.
You block the fenstrider witch's attack.
The fenstrider witch misses you. 😱 HP[-3]
You take 3 damage, and now have 4/119 hp.
You feel better.
You fester in the toxic bog.
You partially resist.
You are poisoned.
You feel sick.
You block the fenstrider witch's attack.
The fenstrider witch kicks you.
* * * LOW HITPOINT WARNING * * *
😱 HP[+2]
You regained 2 hp, and now have 6/119 hp.
You feel better.
The fenstrider witch points at you and mumbles some strange words.
Your body is wracked with pain!
* * * LOW HITPOINT WARNING * * *
😱 HP[+1] MP[+1]
As you read the scroll of teleportation {@r4}, it crumbles to dust.
You feel strangely unstable.
The fenstrider witch casts a spell at you.
You suddenly lose the ability to move!
The fenstrider witch points at you and mumbles some strange words.
You resist with significant effort.
The fenstrider witch hits you but does no damage.
The fenstrider witch kicks you but does no damage.
The fenstrider witch gestures at you while chanting.
You resist with significant effort.
You can move again. 😱 HP[+4]
You regained 4 hp, and now have 11/119 hp.
You feel better.
Your surroundings suddenly seem different.
Splash!
You fall into the shallow water.
Moving in this stuff is going to be slow. 😱 HP[+6]
You regained 6 hp, and now have 17/119 hp. 😱 HP[+1] 😱 HP[+1] MP[+1] 😱 HP[+1] 😱 HP[+1] 😱 HP[+1]
A swamp worm comes into view. 😱 HP[+1] 😱 HP[+1]
You hear the faint crackling of a very distant melting archway. 😱 HP[+1] MP[+1] Really quaff
j - 2 potions of berserk rage {!q}? [Y]es or [N]o only, please.
Really quaff
j - 2 potions of berserk rage {!q}?
A red film seems to cover your vision as you go berserk!
Your finesse ends abruptly.
You feel yourself moving faster!
You feel mighty! 😱 HP[+14]
You now have 178 max hp (+59).
You regained 14 hp, and now have 39/178 hp.
You feel a strong urge to attack something.
You block the swamp worm's attack. 😱 HP[+1]
You barely miss the swamp worm. 😱 HP[+1]
You slice the swamp worm!! You burn the swamp worm! The swamp worm bites you.
* * * LOW HITPOINT WARNING * * *
😱 HP[-4]
You take 4 damage, and now have 37/178 hp.
You slice the swamp worm!! You burn the swamp worm.
You kill the swamp worm!
Okawaru accepts your kill. 😱 HP[+1]
You feel a strong urge to attack something. 😱 HP[+1] 😱 MP[+1]
A bloated husk comes into view.
You feel your anger nearly subside.
You are no longer berserk.
You are exhausted.
You feel yourself slow down. 😱 HP[-12]
You now have 119 max hp (-59). 😱 HP[+1] 😨 HP[+2]
You regained 2 hp, and now have 30/119 hp.
The bloated husk explodes!
The blast of putrescent gases engulfs you!!
You die...

Skill      XL: |  1  2  3  4  5  6  7  8  9 10 11 12 13 14 15 |
---------------+----------------------------------------------+-----
Slings         | 1 2 3 4 5 6 7 8 9 |  9.5
Fighting       | 4 5 6 8 9 10 11 12 | 12.9
Shields        | 4 5 6 8 9 |  9.4
Throwing       | 1 2 3 4 5 |  5.0
Maces & Flails | 3 4 5 6 7 8 9 10 11 12 | 12.7
Armour         | 4 5 6 7 9 10 12 13 15 | 15.6
Axes           | 3 5 7 8 9 11 12 | 12.6
Dodging        | 3 5 6 8 9 |  9.6
Invocations    | 3 4 6 7 8 |  8.8
Evocations     | 1 3 4 5 6 |  6.1
Staves         | 2 3 |  3.8
Polearms       | 2 3 |  3.6

Action                   |  1- 3 |  4- 6 |  7- 9 | 10-12 | 13-15 || total
-------------------------+-------+-------+-------+-------+-------++-------
Melee: Flail             |   116 |    78 |   180 |   146 |    16 ||   536
       Headbutt          |    11 |    12 |    39 |   112 |   242 ||   416
       Whip              |       |       |    12 |       |   438 ||   450
       Battleaxe         |       |       |       |   324 |   402 ||   726
       Great mace        |       |       |       |       |     2 ||     2
       War axe           |       |       |       |       |    28 ||    28
 Fire: Hunting sling     |       |     4 |    87 |    18 |   182 ||   291
       Fustibalus        |       |       |       |       |    22 ||    22
Throw: Boomerang         |       |     3 |     4 |       |       ||     7
       Javelin           |       |       |     2 |    10 |       ||    12
       Dart              |       |       |     8 |    20 |    15 ||    43
Invok: Heroism           |       |       |       |     6 |    15 ||    21
       Finesse           |       |       |       |     4 |    11 ||    15
Evoke: Wand              |       |       |       |       |     1 ||     1
  Use: Scroll            |       |       |     3 |    13 |    22 ||    38
       Potion            |       |       |     1 |     3 |    17 ||    21
 Stab: Distracted        |       |       |       |       |     4 ||     4
Armor: Scale mail        |    66 |    37 |    64 |    51 |       ||   218
       Plate armour      |       |       |       |   289 |   214 ||   503
       Ice dragon scales |       |       |       |       |     1 ||     1
       Fire dragon scale |       |       |       |       |   239 ||   239
Dodge: Dodged            |    64 |    38 |    79 |   248 |   499 ||   928
Block: Buckler           |    26 |    11 |    61 |    61 |       ||   159
       Kite shield       |       |       |       |       |   407 ||   407

Levels and vault maps discovered:
D:1:      dpeg_cavernosity, layout_loops_ring,
          hellmonk_ecumenical_altar_heavens_door, bh_walls_and_bars
D:2:      layout_rooms, basic_altar, st_stairs_12
D:3:      layout_rooms, mainiacjoe_overflow_catwalk_spiral,
          gammafunk_ghost_necromancy, serial_co_window_serial,
          co_window_paths_a, co_window_paths_a, co_window_corner_a,
          co_window_paths_b, co_window_paths_a, co_window_corner_ca,
          co_window_corner_cb, co_window_2corner, co_window_broadway_c,
          co_window_paths_c, co_window_2corner, co_window_2corner,
          glass_columns_a, glass_columns_a, glass_columns_c
D:4:      layout_rooms, uniq_natasha
D:5:      layout_gridville, elyvilon_altar_1, serial_shops,
          nicolae_stop_n_shop_2
D:6:      layout_basic, nicolae_shop_clearance
D:7:      layout_loops_corners, tgw_fedhas, grunt_dithmenos_smoke,
          minmay_temple_entry_trees, serial_shops, shop_statue,
          kennysheep_generic_room_4
D:8:      layout_loops_ring, enter_bailey_2
D:9:      layout_basic, lemuel_round_altar, lemuel_crystal_altar,
          nicolae_kikubaaqudgha_miasma_corner, serial_curves, eino_curves_02,
          eino_curves_04, serial_shops, nicolae_lakefront_shop,
          minmay_crystal_room
D:10:     minmay_the_grid_octo_tiled_octocenter
          [minmay_the_grid_octo_thin_diamonds, minmay_the_grid_octo_checkered,
          minmay_the_grid_octo_tetromino_candy, minmay_the_grid_octo_clover_2,
          minmay_the_grid_octo_prize_star, minmay_the_grid_square_5x5_plus,
          minmay_the_grid_square_5x5_three_small,
          minmay_the_grid_square_5x5_six_small,
          minmay_the_grid_square_5x5_checkered_sparse], layout_rooms,
          nicolae_ru_the_path_less_chosen, minmay_shop_grid_forest, uniq_urug
D:11:     layout_roguey, due_lair_maze_entry_diamond, serial_glass,
          glass_columns_c, glass_columns_c, nooodl_orcs_dogs, uniq_maurice
D:12:     layout_loops_ring, erik_orc_1, minmay_protected_statue
D:13:     layout_cross, fake_guardian_serpent_vault
D:14:     minmay_guarded_unrand_sword_of_power, layout_layer_cave,
          david_vaults_5, kennysheep_path_1, uniq_jorgrun
Temple:   nicolae_temple_god_jail
Lair:1:   layout_cellular_growth, hangedman_tree_tricks, worms_lemuel,
          serial_bayou_shore_a, infiniplex_staircase_pool, lemuel_fruit_tree
Lair:2:   layout_chaotic_city, skrybe_swamp_entry_bodies, grunt_megastairs_5
Lair:3:   layout_cave_pods, spider_nest_entry_webs, beast_lair_carwin_3,
          grunt_megastairs_1, infiniplex_staircase_pool_2, uniq_fannar
Lair:4:   onia_ninara_swampy_vault, layout_cave_pods
Lair:5:   layout_regular_city, gauntlet_entry_generic, grunt_megastairs_4,
          lemuel_fruit_fields, lemuel_fruit_fields
Lair:6:   minmay_lair_end_frog_pond, layout_small_grid,
          minmay_slime_entry_pillars, uniq_nessos, uniq_josephine
Swamp:1:  layout_basic_swamp, portal_ice_cave_entry_pillars_2,
          evilmike_swamp_ruin_house_3

Notes
Turn   | Place    | Note
-------+----------+-------------------------------------------
     0 | D:1      | AmazingTV the Minotaur Fighter began the quest for the Orb.
     0 | D:1      | Reached XP level 1. HP: 19/19 MP: 0/0
     0 | D:1      | magus.rc [v1.9.6]
   169 | D:1      | You pick up a book of Scorching and begin reading...
   169 | D:1      | You add the spells Scorch, Flame Wave and Summon Cactus
                  | Giant to your library.
   353 | D:1      | Reached XP level 2. HP: 27/27 MP: 1/1
   786 | D:1      | Found a faded altar of an unknown god.
  1007 | D:2      | Reached skill level 1 in Slings
  1007 | D:2      | Reached XP level 3. HP: 29/33 MP: 2/2
  1010 | D:2      | Reached skill level 4 in Fighting
  1055 | D:2      | Found a sparkling altar of Nemelex Xobeh.
  1087 | D:2      | Reached skill level 4 in Shields
  1142 | D:2      | Reached skill level 1 in Throwing
  1316 | D:3      | Reached skill level 3 in Maces & Flails
  1379 | D:3      | Reached skill level 4 in Armour
  1515 | D:3      | Found a runed translucent gate.
  1516 | D:3      | Found a runed translucent gate.
  1517 | D:3      | Found a runed translucent gate.
  1540 | D:3      | Reached XP level 4. HP: 40/40 MP: 3/3
  1711 | D:3      | Found a snail-covered altar of Cheibriados.
  2043 | D:3      | Found a glowing silver altar of Zin.
  2218 | D:3      | Noticed mdmota's ghost (amateur DgCj)
  2273 | D:3      | magus.rc [v1.9.6]
  2401 | D:4      | You pick up a book of Conjurations and begin reading...
  2401 | D:4      | You add the spells Magic Dart, Searing Ray and Fulminant
                  | Prism to your library.
  2470 | D:4      | Reached XP level 5. HP: 47/47 MP: 4/4
  2474 | D:4      | Noticed a yak
  2490 | D:4      | Killed a yak
  2491 | D:4      | Reached skill level 2 in Slings
  2491 | D:4      | Reached skill level 2 in Throwing
  2491 | D:4      | Reached XP level 6. HP: 41/55 MP: 5/5
  2608 | D:4      | You pick up a book of Debilitation and begin reading...
  2608 | D:4      | You add the spells Slow, Vampiric Draining and Confusing
                  | Touch to your library.
  2692 | D:4      | Noticed a yak
  2692 | D:4      | Noticed a yak
  2702 | D:4      | Noticed a yak
  2702 | D:4      | Noticed a yak
  2707 | D:4      | Killed a yak
  2708 | D:4      | Reached skill level 5 in Fighting
  2708 | D:4      | Reached skill level 4 in Maces & Flails
  2710 | D:4      | Reached skill level 5 in Shields
  2716 | D:4      | Killed a yak
  2717 | D:4      | Reached skill level 3 in Slings
  2717 | D:4      | Reached skill level 5 in Armour
  2717 | D:4      | Reached XP level 7. HP: 54/61 MP: 6/6
  2723 | D:4      | Killed a yak
  2724 | D:4      | Reached skill level 3 in Throwing
  2729 | D:4      | Killed a yak
  2828 | D:4      | Noticed Natasha
  2846 | D:4      | Killed Natasha
  2877 | D:4      | Noticed Natasha
  2879 | D:4      | Killed Natasha
  3042 | D:4      | Noticed Natasha
  3049 | D:4      | Killed Natasha
  3079 | D:5      | Entered Level 5 of the Dungeon
  3122 | D:5      | Found a white marble altar of Elyvilon.
  3186 | D:5      | Reached skill level 5 in Maces & Flails
  3186 | D:5      | Reached skill level 4 in Slings
  3186 | D:5      | Reached XP level 8. HP: 68/70 MP: 7/7
  3208 | D:5      | Reached skill level 6 in Fighting
  3271 | D:5      | Reached skill level 6 in Armour
  3289 | D:5      | Reached skill level 6 in Shields
  3365 | D:5      | Reached skill level 4 in Throwing
  3513 | D:5      | Found Dinam's Antique Armour Emporium.
  3706 | D:5      | You pick up a book of Storms and begin reading...
  3706 | D:5      | You add the spells Airstrike, Summon Lightning Spire and
                  | Lightning Bolt to your library.
  3977 | D:6      | Found Toifenefe's CLEARANCE SALE!.
  3995 | D:6      | Bought 2 potions of curing for 36 gold pieces
  5187 | D:7      | Reached skill level 6 in Maces & Flails
  5189 | D:7      | Reached skill level 5 in Slings
  5197 | D:7      | Found a shadowy altar of Dithmenos.
  5253 | D:7      | Found Teipp's Distillery.
  5257 | D:7      | Bought a potion of curing for 48 gold pieces
  5257 | D:7      | Bought a potion of might for 64 gold pieces
  5276 | D:7      | Reached XP level 9. HP: 49/78 MP: 8/8
  5522 | D:7      | Reached skill level 7 in Fighting
  5522 | D:7      | Reached skill level 7 in Shields
  5528 | D:7      | Reached skill level 7 in Armour
  5746 | D:7      | Found a staircase to the Ecumenical Temple.
  5751 | Temple   | Entered the Ecumenical Temple
  5809 | Temple   | Became a worshipper of Warmaster Okawaru
  5851 | D:7      | Reached skill level 1 in Axes
  5851 | D:7      | Reached skill level 5 in Throwing
  6210 | D:7      | Reached * piety under Okawaru
  6211 | D:7      | Reached skill level 2 in Axes
  6301 | D:7      | Found a blossoming altar of Fedhas.
  6316 | D:7      | Noticed an oklob plant
  6801 | D:8      | Reached skill level 7 in Maces & Flails
  6867 | D:8      | Reached skill level 6 in Slings
  6888 | D:8      | Found a flagged portal.
  6890 | D:8      | Noticed a troll
  6899 | D:8      | Killed a troll
  6900 | D:8      | Reached skill level 3 in Axes
  7068 | Bailey   | Entered a bailey
  7180 | Bailey   | Reached skill level 8 in Shields
  7213 | Bailey   | Reached skill level 8 in Fighting
  7213 | Bailey   | Reached XP level 10. HP: 88/88 MP: 9/9
  7223 | Bailey   | Reached ** piety under Okawaru
  7224 | Bailey   | Reached skill level 8 in Armour
  7286 | Bailey   | Reached skill level 1 in Dodging
  7286 | Bailey   | Reached skill level 1 in Invocations
  7549 | Bailey   | Noticed a vault guard
  7575 | Bailey   | Killed a vault guard
  7576 | Bailey   | Reached skill level 4 in Axes
  7576 | Bailey   | Reached skill level 2 in Dodging
  7816 | Bailey   | Noticed a vault guard
  7816 | Bailey   | Noticed Prince Ribbit
  7839 | Bailey   | Killed a vault guard
  7839 | Bailey   | Reached *** piety under Okawaru
  7840 | Bailey   | Reached skill level 8 in Maces & Flails
  7840 | Bailey   | Reached skill level 2 in Invocations
  7844 | Bailey   | Killed Prince Ribbit
  7845 | Bailey   | Reached skill level 7 in Slings
  8115 | Bailey   | Reached skill level 5 in Axes
  8117 | Bailey   | Reached skill level 3 in Dodging
  8242 | D:8      | You pick up a book of Spectacle and begin reading...
  8242 | D:8      | You add the spells Dazzling Flash, Iskenderun's Mystic
                  | Blast and Starburst to your library.
  8433 | D:8      | Reached skill level 3 in Invocations
  8498 | D:8      | Reached skill level 9 in Fighting
  8501 | D:8      | Reached **** piety under Okawaru
  8745 | D:8      | Reached skill level 9 in Armour
  8745 | D:8      | Reached XP level 11. HP: 91/97 MP: 12/12
  9079 | D:3      | Killed mdmota's ghost
  9223 | D:7      | Bought a potion of flight for 48 gold pieces
  9357 | D:9      | You pick up a book of Power and begin reading...
  9357 | D:9      | You add the spells Iskenderun's Battlesphere and Iron Shot
                  | to your library.
  9481 | D:9      | Noticed a two-headed ogre
  9505 | D:9      | Killed a two-headed ogre
  9679 | D:9      | Found an ancient bone altar of Kikubaaqudgha.
  9887 | D:9      | Found Gutium's Distillery.
  9897 | D:9      | Bought 2 potions of might for 112 gold pieces
  9897 | D:9      | Bought a potion of heal wounds for 70 gold pieces
  9991 | D:9      | Reached skill level 4 in Dodging
 10021 | D:9      | Found a broken altar of Ashenzari.
 10053 | D:9      | Found a burning altar of Makhleb.
 10187 | D:9      | Reached skill level 6 in Axes
 10582 | D:10     | Entered Level 10 of the Dungeon
 10594 | D:10     | Received a gift from Okawaru
 10782 | D:10     | Found a sacrificial altar of Ru.
 10824 | D:10     | Reached skill level 9 in Maces & Flails
 10824 | D:10     | Reached skill level 4 in Invocations
 10929 | D:10     | Noticed Urug
 10940 | D:10     | Killed Urug
 10940 | D:10     | Reached ***** piety under Okawaru
 10941 | D:10     | Reached skill level 10 in Armour
 11009 | D:10     | Noticed a two-headed ogre
 11014 | D:10     | Killed a two-headed ogre
 11014 | D:10     | Received a gift from Okawaru
 11059 | D:10     | Reached skill level 5 in Dodging
 11072 | D:10     | Received a gift from Okawaru
 11098 | D:10     | Noticed a soul eater
 11178 | D:10     | Noticed a two-headed ogre
 11188 | D:10     | Reached skill level 7 in Axes
 11192 | D:10     | Identified the +1 ring mail of the Nexus {rPois Dex+5
                  | Slay-2 Stlth+} (Okawaru gifted it to you on level 10 of the
                  | Dungeon)
 11192 | D:10     | Received a gift from Okawaru
 11198 | D:10     | Killed a two-headed ogre
 11199 | D:10     | Reached skill level 10 in Fighting
 11463 | D:10     | Noticed a red ugly thing
 11463 | D:10     | Noticed a centaur warrior
 11463 | D:10     | Identified the +11 short sword "Guikhlis" {drain, Drain
                  | rPois rN+}
 11463 | D:10     | Noticed a centaur warrior
 11463 | D:10     | Noticed an orc knight
 11464 | D:10     | Identified the amulet "Quusas" {Faith rN+ Dex-4 Stlth+}
 11464 | D:10     | Noticed an orc knight
 11465 | D:10     | Noticed a harpy
 11465 | D:10     | Noticed a white ugly thing
 11468 | D:10     | Reached skill level 1 in Evocations
 11468 | D:10     | Reached XP level 12. HP: 106/106 MP: 6/14
 11469 | D:10     | Reached skill level 11 in Armour
 11469 | D:10     | Reached skill level 5 in Invocations
 11470 | D:10     | Killed a centaur warrior
 11480 | D:10     | Killed a centaur warrior
 11481 | D:10     | Reached skill level 2 in Evocations
 11542 | D:10     | You add the spells Ignite Poison, Olgreb's Toxic Radiance
                  | and Eringya's Noxious Bog to your library.
 11542 | D:10     | Got the Grimoire of Igneous Poisoning
 11544 | D:10     | magus.rc [v1.9.6]
 11730 | D:10     | Reached skill level 6 in Dodging
 11749 | D:10     | Found Zaly's Distillery.
 11833 | D:11     | Reached skill level 10 in Maces & Flails
 12253 | D:11     | Found a staircase to the Lair.
 12395 | D:11     | Reached skill level 12 in Armour
 12510 | D:11     | Reached skill level 8 in Axes
 12599 | D:11     | Noticed Maurice
 12616 | D:11     | Killed Maurice
 12616 | D:11     | Received a gift from Okawaru
 12669 | D:11     | You pick up a book of Vapours and begin reading...
 12669 | D:11     | You add the spells Poisonous Vapours and Corpse Rot to your
                  | library.
 12779 | D:11     | Reached skill level 3 in Evocations
 12986 | D:12     | Reached skill level 6 in Invocations
 13218 | D:12     | Received a gift from Okawaru
 13370 | D:12     | Received a gift from Okawaru
 13836 | D:12     | HP: 22/108 [sixfirhy[an obsidian statue] (11)]
 13836 | D:12     | HP: 3/108 [sixfirhy[an obsidian statue] (12)]
 13995 | D:12     | Reached skill level 11 in Fighting
 13995 | D:12     | Reached XP level 13. HP: 116/116 MP: 10/16
 14048 | D:12     | Reached skill level 7 in Dodging
 14334 | D:13     | You pick up a book of Blood and begin reading...
 14334 | D:13     | You add the spells Sublimation of Blood and Wereblood to
                  | your library.
 15093 | D:14     | Noticed Jorgrun
 15125 | D:14     | Killed Jorgrun
 15126 | D:14     | Reached skill level 13 in Armour
 15126 | D:14     | Reached skill level 4 in Evocations
 15420 | D:14     | Received a gift from Okawaru
 15517 | D:14     | Received a gift from Okawaru
 15526 | D:14     | Reached skill level 9 in Axes
 15526 | D:14     | Reached skill level 11 in Maces & Flails
 15755 | D:14     | Noticed an ettin
 15804 | D:13     | Received a gift from Okawaru
 16116 | D:14     | Reached skill level 7 in Invocations
 16131 | D:14     | Reached ****** piety under Okawaru
 16133 | D:14     | Noticed an ettin
 16146 | D:14     | Killed an ettin
 16158 | D:14     | Reached skill level 8 in Dodging
 16189 | D:14     | Found the +5 sword of Power {vorpal}
 16377 | D:14     | Received a gift from Okawaru
 16617 | D:14     | Killed an ettin
 16940 | D:14     | You pick up a book of Touch and begin reading...
 16940 | D:14     | You add the spells Static Discharge, Sticky Flame and
                  | Dispel Undead to your library.
 16944 | D:14     | Found a gate to the Vaults.
 17182 | Lair:1   | Entered Level 1 of the Lair of Beasts
 17340 | Lair:1   | Reached XP level 14. HP: 114/125 MP: 18/18
 17342 | Lair:1   | Received a gift from Okawaru
 17344 | Lair:1   | Reached skill level 8 in Slings
 17398 | Lair:1   | Reached skill level 14 in Armour
 17501 | Lair:1   | Received a gift from Okawaru
 17885 | Lair:1   | Reached skill level 5 in Evocations
 18033 | Lair:1   | Found a blossoming altar of Fedhas.
 18045 | Lair:1   | Reached skill level 10 in Axes
 18404 | Lair:2   | Identified the +7 hunting sling of Unreason {vorpal, rN+
                  | Int+4} (Okawaru gifted it to you on level 2 of the Lair of
                  | Beasts)
 18404 | Lair:2   | Received a gift from Okawaru
 18609 | Lair:2   | Reached skill level 12 in Fighting
 18703 | Lair:2   | Found a staircase to the Swamp.
 18978 | Lair:2   | You add the spells Mephitic Cloud and Freezing Cloud to
                  | your library.
 19107 | Lair:2   | You pick up a book of Callings and begin reading...
 19539 | Lair:3   | Found a hole to the Spider Nest.
 19543 | Lair:3   | Identified the +3 leather armour "Jutoehoq" {Int+4}
 19570 | Lair:3   | You pick up a book of Conjurations and begin reading...
 19701 | Lair:3   | Received a gift from Okawaru
 20196 | Lair:3   | Noticed Fannar
 20275 | Lair:3   | Killed Fannar
 20621 | Lair:4   | Reached skill level 11 in Axes
 20867 | Lair:4   | Received a gift from Okawaru
 20920 | Lair:4   | Reached skill level 12 in Maces & Flails
 20996 | Lair:4   | Reached skill level 8 in Invocations
 21059 | Lair:4   | Reached skill level 1 in Staves
 21205 | Lair:4   | Received a gift from Okawaru
 21223 | Lair:4   | Reached skill level 1 in Polearms
 21503 | Lair:4   | Reached skill level 15 in Armour
 21503 | Lair:4   | Reached skill level 9 in Dodging
 21504 | Lair:4   | Reached skill level 2 in Staves
 21590 | Lair:4   | Identified the +10 whip "Zuwifer" {vorpal, rElec Dex+2}
 21840 | Lair:5   | Reached skill level 2 in Polearms
 21846 | Lair:5   | Identified the +7 fire dragon scales of the Valley {rElec
                  | rF++ rC-} (Okawaru gifted it to you on level 5 of the Lair
                  | of Beasts)
 21846 | Lair:5   | Received a gift from Okawaru
 21847 | Lair:5   | Reached XP level 15. HP: 81/134 MP: 14/20
 21946 | Lair:5   | Found a gate leading to a gauntlet.
 21982 | Gauntlet | Entered a Gauntlet
 21982 | Gauntlet | Found a transporter.
 21983 | Gauntlet | Found a runed translucent door.
 21985 | Gauntlet | Found a transporter.
 21987 | Gauntlet | Found a runed translucent door.
 21997 | Gauntlet | Found a transporter.
 22001 | Gauntlet | Found a transporter.
 22011 | Gauntlet | Found a transporter.
 22031 | Gauntlet | Found a transporter.
 22040 | Gauntlet | Found a large runed translucent door.
 22041 | Gauntlet | Found a large runed translucent door.
 22042 | Gauntlet | Found a large runed translucent door.
 22043 | Gauntlet | Found a runed translucent gate.
 22043 | Gauntlet | Found the dreamshard necklace {*Dream Drain}
 22044 | Gauntlet | Found a transporter.
 22044 | Gauntlet | Found a runed translucent gate.
 22045 | Gauntlet | Found a runed translucent gate.
 22046 | Gauntlet | Found a large runed translucent door.
 22047 | Gauntlet | Found a large runed translucent door.
 22047 | Gauntlet | Found a large runed translucent door.
 22047 | Gauntlet | Found a large runed translucent door.
 22048 | Gauntlet | Found a large runed translucent door.
 22060 | Gauntlet | Found a large runed translucent door.
 22060 | Gauntlet | Found a large runed translucent door.
 22060 | Gauntlet | Found a runed translucent door.
 22061 | Gauntlet | Found a large runed translucent door.
 22062 | Gauntlet | Found a large runed translucent door.
 22066 | Gauntlet | Found a transporter.
 22069 | Gauntlet | Found a runed translucent door.
 22073 | Gauntlet | Found a transporter.
 22073 | Gauntlet | Found a runed translucent door.
 22074 | Gauntlet | Found a large runed translucent door.
 22074 | Gauntlet | Found a large runed translucent door.
 22079 | Gauntlet | Found a transporter.
 22099 | Gauntlet | Found a transporter.
 22103 | Gauntlet | Found a transporter.
 22106 | Gauntlet | Found a large runed translucent door.
 22106 | Gauntlet | Found a large runed translucent door.
 22367 | Gauntlet | Identified the +0 kite shield of Responsibility {rPois
                  | rC+++ Will+ Stlth+}
 22379 | Gauntlet | Reached skill level 3 in Staves
 22413 | Gauntlet | Identified +0 pearl dragon scales
 22416 | Gauntlet | Identified the quicksilver dragon scales "Afuonej" {Rampage
                  | Will+ MP+9}
 22416 | Gauntlet | Identified the +7 giant club "Hell-Harrower" {protect, rF+
                  | Dex+3}
 22417 | Gauntlet | You add the spells Yara's Violent Unravelling, Blade Hands
                  | and Necromutation to your library.
 22417 | Gauntlet | Got the Compendium of Necromancy and Moulding
 22424 | Gauntlet | You pick up a book of Transfigurations and begin reading...
 22424 | Gauntlet | You add the spells Irradiate and Dragon Form to your
                  | library.
 22524 | Lair:5   | Reached skill level 3 in Polearms
 23061 | Lair:6   | Entered Level 6 of the Lair of Beasts
 23073 | Lair:5   | Reached skill level 6 in Evocations
 23231 | Lair:6   | HP: 30/134 [tyrant leech (20)]
 23233 | Lair:6   | Found a staircase to the Slime Pits.
 23252 | Lair:6   | HP: 31/134 [five-headed hydra (10)]
 23260 | Lair:6   | Reached skill level 9 in Slings
 23401 | Lair:6   | Identified the +10 falchion "Zycasuh" {speed, rC- Int+4}
 23439 | Lair:6   | Noticed Nessos
 23455 | Lair:6   | Killed Nessos
 23514 | Lair:6   | Reached skill level 12 in Axes
 23714 | Lair:6   | magus.rc [v1.9.6]
 23731 | Lair:6   | Received a gift from Okawaru
 23990 | Lair:6   | Reached skill level 9 in Shields
 24092 | Lair:6   | Noticed Josephine
 24105 | Lair:6   | Killed Josephine
 24562 | Lair:6   | Received a gift from Okawaru
 24924 | Swamp:1  | Entered Level 1 of the Swamp
 24970 | Swamp:1  | HP: 20/124 [bunyip (20)]
 24972 | Swamp:1  | HP: 4/115 [spectral eight-headed hydra[a ghost crab] (9)]
 25060 | Swamp:1  | Noticed a fenstrider witch
 25072 | Swamp:1  | HP: 29/116 [fenstrider witch (3)]
 25076 | Swamp:1  | HP: 12/119 [??? (9)]
 25078 | Swamp:1  | HP: 5/119 [something (2)]
 25081 | Swamp:1  | Paralysed by a fenstrider witch for 3 turns
 25096 | Swamp:1  | HP: 37/178 [swamp worm (5)]
 25104 | Swamp:1  | Killed by an exploding bloated husk

Vanquished Creatures
  Jorgrun (D:14)
  A quicksilver ooze (Gauntlet)
  Nessos (Lair:6)
  A minotaur (Gauntlet)
  A bunyip (Swamp:1)
  2 ettins (D:14)
  Fannar (Lair:3)
  11 vault guards
  Josephine (Lair:6)
  13 hydras
  4 two-headed ogres
  2 centaur warriors (D:10)
  2 alligators (Lair:4)
  9 death yaks
  A tengu warrior (D:14)
  Urug (D:10)
  3 goliath frogs (Lair:6)
  A spriggan druid (Swamp:1)
  A flayed ghost (D:14)
  2 swamp dragons (Lair:4)
  4 bog bodies
  A harpy (shapeshifter) (D:10)
  3 orc knights
  2 deep elf pyromancers (D:13)
  3 manticores
  5 cyclopes
  2 oklob plants (Lair:1)
  3 ugly things
  A salamander (shapeshifter) (D:14)
  Maurice (D:11)
  A guardian serpent (D:13)
  23 elephants
  6 black mambas
  24 cane toads
  A demonic crawler (Lair:1)
  A gargoyle (D:10)
  An unseen horror (D:12)
  5 kobold demonologists
  11 komodo dragons
  A rime drake (Lair:4)
  A freezing wraith (D:14)
  A yaktaur (D:10)
  4 trolls
  2 polar bears
  A tengu conjurer (D:14)
  Prince Ribbit (Bailey)
  2 hornets (D:10)
  2 tyrant leeches (Lair:6)
  22 blink frogs
  5 slime creatures
  A culicivora (shapeshifter) (D:12)
  8 flying skulls (Gauntlet)
  A shadow (D:8)
  6 wraiths
  A spriggan (Swamp:1)
  5 wyverns
  A vampire (D:13)
  38 yaks
  5 humans (Bailey)
  A basilisk (Lair:2)
  A steam dragon (D:7)
  3 redbacks (Lair:3)
  13 vampire mosquitoes
  4 wargs (D:11)
  12 swamp worms
  22 water moccasins
  3 swamp drakes (Lair:4)
  A black bear (D:11)
  A sky beast (D:7)
  8 orc warriors
  2 necrophages (D:5)
  19 wolves
  2 ogres (D:7)
  3 boggarts (D:14)
  The ghost of mdmota the Conjurer, an amateur DgCj (D:3)
  7 centaurs
  A phantom (D:5)
  5 kobold brigands
  41 bullfrogs
  A gnoll sergeant (D:13)
  A wyvern zombie (D:7)
  A scorpion (Lair:2)
  A wyvern skeleton (D:5)
  13 killer bees
  A water moccasin skeleton (D:6)
  16 wights
  4 electric eels
  7 howler monkeys
  5 centaur zombies
  6 jellies
  2 bullfrog zombies
  5 orc priests
  2 gnoll shamans
  Natasha (thrice) (D:4)
  12 hell rats
  4 iguanas
  10 orc wizards
  5 howler monkey zombies
  A howler monkey skeleton (D:3)
  5 adders
  10 gnolls
  3 white imps
  An adder skeleton (D:4)
  3 worms
  5 dart slugs
  38 orcs
  9 ball pythons
  A bat (D:2)
  3 endoplasms
  3 giant cockroaches
  6 goblins
  10 hobgoblins
  9 jackals
  15 kobolds
  7 quokkas
  A frilled lizard (D:3)
  8 rats
652 creatures vanquished.

Vanquished Creatures (others)
  A hydra (Swamp:1)
  A bloated husk (Swamp:1)
  A spriggan (Swamp:1)
  An orc (D:12)
  A demonic plant (Gauntlet)
  63 fungi
  137 plants
205 creatures vanquished.

Grand Total: 857 creatures vanquished

Table legend:
 A = Non-vault XP
 B = Vault XP
 C = Vault XP percentage of total XP
 D = Non-vault monster count
 E = Vault monster count
 F = Vault count percentage of total count
                 A         B        C        D         E       F
            +---------+---------+-------+---------+---------+-------
      Total |   81442 |   66040 |  44.8 |     438 |     215 |  32.9
            +---------+---------+-------+---------+---------+-------
        D:1 |      11 |      10 |  47.6 |       7 |       4 |  36.4
        D:2 |      39 |       3 |   7.1 |      15 |       2 |  11.8
        D:3 |      82 |     283 |  77.5 |      30 |       6 |  16.7
        D:4 |    1198 |      36 |   2.9 |      27 |       1 |   3.6
        D:5 |     699 |       0 |   0.0 |      15 |       0 |   0.0
        D:6 |     421 |       0 |   0.0 |      18 |       0 |   0.0
        D:7 |    1955 |       0 |   0.0 |      27 |       0 |   0.0
        D:8 |    2152 |       0 |   0.0 |      32 |       0 |   0.0
        D:9 |    2574 |       0 |   0.0 |      18 |       0 |   0.0
       D:10 |    2848 |   11320 |  79.9 |      19 |      30 |  61.2
       D:11 |    2609 |    2925 |  52.9 |      19 |      22 |  53.7
       D:12 |    5741 |       0 |   0.0 |      30 |       0 |   0.0
       D:13 |    4099 |    2431 |  37.2 |      13 |       4 |  23.5
       D:14 |    3925 |   13050 |  76.9 |       9 |      15 |  62.5
     Lair:1 |    5283 |    2131 |  28.7 |      21 |       7 |  25.0
     Lair:2 |    6048 |    1841 |  23.3 |      23 |       4 |  14.8
     Lair:3 |    7482 |    3442 |  31.5 |      23 |      11 |  32.4
     Lair:4 |    7159 |    4309 |  37.6 |      25 |      12 |  32.4
     Lair:5 |    6559 |     875 |  11.8 |      13 |       9 |  40.9
     Lair:6 |   16482 |   14831 |  47.4 |      45 |      48 |  51.6
    Swamp:1 |    4076 |       0 |   0.0 |       9 |       0 |   0.0
     Bailey |       0 |    4596 | 100.0 |       0 |      30 | 100.0
   Gauntlet |       0 |    3957 | 100.0 |       0 |      10 | 100.0
            +---------+---------+-------+---------+---------+-------

Illustrated notes

Table legend:
 A = Kills in this place as a percentage of kills in entire the game.
 B = Kills by you in this place as a percentage of kills by you in the entire game.
 C = Kills by friends in this place as a percentage of kills by friends in the entire game.
 D = Other kills in this place as a percentage of other kills in the entire game.
 E = Experience gained in this place as a percentage of experience gained in the entire game.
 F = Experience gained in this place divided by the number of levels of this place that you have seen.
                   A       B       C       D       E      F
               +-------+-------+-------+-------+-------+----------------------
         Total | 100.0 | 100.0 |   N/A | 100.0 | 100.0 | 6145.1
       Dungeon |  55.6 |  55.7 |   N/A |   0.0 |  39.6 | 4172.2
          Lair |  36.9 |  37.0 |   N/A |   0.0 |  51.8 | 12740.3
         Swamp |   1.4 |   1.2 |   N/A | 100.0 |   2.8 | 4076.0
        Bailey |   4.6 |   4.6 |   N/A |   0.0 |   3.1 | 4596.0
      Gauntlet |   1.5 |   1.5 |   N/A |   0.0 |   2.7 | 3957.0
               +-------+-------+-------+-------+-------+----------------------

Table legend: (Time is in decaauts)
 A = Elapsed time spent in this place.
 B = Non-inter-level travel time spent in this place.
 C = Inter-level travel time spent in this place.
 D = Time resting spent in this place.
 E = Time spent auto-exploring this place.
 F = Levels seen in this place.
 G = Mean time per level.
                   A        B        C        D        E       F      G
               +--------+--------+--------+--------+--------+-----+--------+
         Total |  25000 |  22721 |   2279 |   3840 |  13217 |  24 | 1041.7 |
       Dungeon |  15998 |  14351 |   1647 |   2130 |   8729 |  14 | 1142.7 |
        Temple |     74 |     56 |     18 |      0 |     47 |   1 |   74.0 |
          Lair |   7165 |   6552 |    613 |    759 |   4187 |   6 | 1194.2 |
         Swamp |    161 |    161 |      0 |     72 |      0 |   1 |  161.0 |
        Bailey |   1149 |   1149 |      0 |    821 |     71 |   1 | 1149.0 |
      Gauntlet |    451 |    451 |      0 |     57 |    182 |   1 |  451.0 |
               +--------+--------+--------+--------+--------+-----+--------+

Top non-repeatable levels by time:
    D:14: 1986 daAuts
  Lair:6: 1630 daAuts
     D:7: 1562 daAuts
    D:10: 1433 daAuts
  Lair:4: 1308 daAuts
     D:9: 1257 daAuts
  Lair:1: 1240 daAuts
    D:12: 1235 daAuts
     D:3: 1211 daAuts
     D:6: 1208 daAuts
  Lair:3: 1199 daAuts
  Bailey: 1149 daAuts
     D:8: 1125 daAuts
  Lair:2: 1002 daAuts
    D:13: 989 daAuts
